 Dungeon Crawl Stone Soup version 0.25-a0-317-g5f8687bca5 (webtiles) character file.

Game seed: 5410539714709630702, levelgen mode: deterministic

15 D1HalberdGnoll the Sneak (level 2, 0/22 HPs)
             Began as a Vampire Assassin on Dec 26, 2019.
             Slain by a jackal (2 damage)
             ... on level 1 of the Dungeon.
             The game lasted 00:00:35 (276 turns).

D1HalberdGnoll the Sneak (Vampire Assassin)          Turns: 276, Time: 00:00:36

Health: 0/22       AC:  3    Str: 10    XL:     2   Next: 34%
Magic:  2/2        EV: 11    Int: 13    God:
Gold:   67         SH:  4    Dex: 15    Spells: 1/1 levels left

rFire    . . .     SeeInvis +   h - +1 dagger (venom)
rCold    . . .     Gourm    .   f - +0 buckler (curse)
rNeg     . . .     Faith    .   b - +0 robe
rPois    .         Spirit   .   (no helmet)
rElec    .         Reflect  .   c - +0 cloak
rCorr    .         Harm     .   (no gloves)
MR       .....                  (no boots)
Stlth    +++.......             (no amulet)
HPRegen  0.27/turn              (no ring)
MPRegen  0.08/turn              (no ring)

@: regenerating quickly
A: no food, fangs 3, see invisible, unbreathing
a: Exsanguinate


You were on level 1 of the Dungeon.
You were alive.

You visited 1 branch of the dungeon, and saw 1 of its levels.

You collected 67 gold pieces.

Inventory:

Hand Weapons
 h - a +1 dagger of venom (weapon)
Missiles
 d - 8 poisoned darts (quivered)
 e - 2 curare-tipped darts
Armour
 b - a +0 robe (worn)
 c - a +0 cloak (worn)
 f - a cursed +0 buckler (worn)
Potions
 g - a potion of might {unknown}


   Skills:
 + Level 2.0 Fighting
 + Level 2.4 Short Blades
 - Level 1.5 Throwing
 - Level 1.1 Dodging
 * Level 6.3 Stealth
 + Level 0.5 Shields


You had one spell level left.
You didn't know any spells.
Your spell library was empty.

Dungeon Overview and Level Annotations

Branches:
Dungeon (1/15)

Altars:


Innate Abilities, Weirdness & Mutations

You do not eat.
Your natural rate of healing is unusually fast.
You have razor-sharp teeth.
You have supernaturally acute eyesight. (SInv)
You can survive without breathing.


Message History

* * * LOW HITPOINT WARNING * * *
You completely miss the ooze.
The ooze is moderately wounded.
The ooze hits you.
* * * LOW HITPOINT WARNING * * *
You hit the ooze.
The ooze is heavily wounded.
The ooze barely misses you.
Your shield prevents you from hitting the ooze.
The ooze is heavily wounded.
You block the ooze's attack.
You hit the ooze.
The ooze is severely wounded.
The ooze closely misses you.
You hit the ooze.
You kill the ooze!
Your Fighting skill increases to level 2!
You hit the jackal but do no damage. Your bite misses the jackal.
The jackal bites you.
You die...

#........ ##.#.#.
#...... ###..#.#.
#.?.. ###.#..#.#.
#..# ###......#.#.
#.####...<....#.#
#...#......##.#.#
#........####.#.#.
#h#....####...# #.
#@#+####.#....# #.
#...#.........# #.
#.....##......#.#.
#####.##........#.
#..#.###.####.
##.#.# #......
#...###.####.
##......####.
#...........


You could see a jackal.

Vanquished Creatures
  An ooze (D:1)
  2 goblins (D:1)
  A hobgoblin (D:1)
  3 jackals (D:1)
  A bat (D:1)
  A frilled lizard (D:1)
  A rat (D:1)
10 creatures vanquished.

Notes
Turn   | Place    | Note
-------+----------+-------------------------------------------
     0 | D:1      | D1HalberdGnoll the Vampire Assassin began the quest for the
                  | Orb.
     0 | D:1      | Reached XP level 1. HP: 16/16 MP: 1/1
   149 | D:1      | Reached skill level 6 in Stealth
   268 | D:1      | Reached XP level 2. HP: 4/22 MP: 2/2
   271 | D:1      | HP: 1/22 [ooze (2)]
   276 | D:1      | Slain by a jackal

Levels and vault maps discovered:
D:1:      dpeg_arrival_long_road, layout_basic, minmay_octomino_j4

Skill      XL: |  1  2 |
---------------+-------+-----
Stealth        | 6 |  6.3
Fighting       | 2 |  2.0
Short Blades   | |  2.4
Throwing       | |  1.5
Dodging        | |  1.1
Shields        | |  0.5

Action                   || total
-------------------------++-------
Melee: Dagger            ||    32
       Bite              ||     1
Armor: Robe              ||     7
Dodge: Dodged            ||    11
Block: Buckler           ||     5

Table legend:
 A = Non-vault XP
 B = Vault XP
 C = Vault XP percentage of total XP
 D = Non-vault monster count
 E = Vault monster count
 F = Vault count percentage of total count
                 A         B        C        D         E       F
            +---------+---------+-------+---------+---------+-------
      Total |      21 |       1 |   4.5 |       9 |       1 |  10.0
            +---------+---------+-------+---------+---------+-------
        D:1 |      21 |       1 |   4.5 |       9 |       1 |  10.0
            +---------+---------+-------+---------+---------+-------
